 Dungeon Crawl Stone Soup version 0.32-a0-614-gd166fa89d2 (webtiles) character file.

Game seed: 11899566374066235444

1617741 seren the Slayer (level 26, 225/225 HPs)
             Began as a Coglin Gladiator on Mar 2, 2024.
             Was an Initiate of Gozag.
             Escaped with the Orb
             ... and 3 runes on Mar 5, 2024!
             The game lasted 04:51:05 (71088 turns).

seren the Slayer (Coglin Gladiator)                Turns: 71088, Time: 04:51:05

Health: 225/225    AC: 51    Str: 21    XL:     26   Next: 82%
Magic:  37/37      EV: 14    Int:  8    God:    Gozag
Gold:   3283       SH:  0    Dex: 25    Spells: 34/45 levels left

rFire   + + +        V - +18 lance "Wyrmbane" {slay drac, rPois rF+ rC+ AC+3}
rCold   + + +        b - +3 Elemental Staff {ele, rElec rF+ rC+ AC+3}
rNeg    . . .        G - +11 gold dragon scales
rPois   +            B - +1 helmet "Supot" {Dex+3}
rElec   +            c - +2 cloak {Stlth+}
rCorr   +            v - +0 pair of fencer's gloves {Riposte Dex+3}
SInv    .            S - +2 pair of boots {Fly}
Will    +....        (amulet unavailable) Stlth
                     (ring unavailable)
HPRegen 1.37/turn    (ring unavailable)
MPRegen 0.65/turn    U - tuning scope {rPois Regen+ RegenMP+ rCorr Slay+3}

%: no passive effects
@: flying, studying 2 skills, bribing [the Dungeon, the Realm of Zot]
A: off-hand wielding, slow wielding, warmup strikes, no jewellery, clumsy 1,
inability to drink after injury 1
0: Orb of Zot
}: 3/15 runes: serpentine, barnacled, silver
a: Renounce Religion, Potion Petition, Call Merchant, Bribe Branch


You escaped.
You worshipped Gozag.
Gozag was most pleased with you.
You visited 11 branches of the dungeon, and saw 49 of its levels.
You visited the Abyss 1 time.
You also visited: Trove, Sewer, Ossuary and Bailey.

You collected 28893 gold pieces.
You spent 8749 gold pieces at shops.
You paid 16861 gold pieces to Gozag.

Inventory:

Hand Weapons
 a - a +4 spectral demon blade {Caliana}
 b - the +3 Elemental Staff (offhand) {ele, rElec rF+ rC+ AC+3}
   (You found it in a bailey)

   AC+3:      It affects your AC (+3).
   rF+:       It protects you from fire.
   rC+:       It protects you from cold.
   rElec:     It insulates you from electricity.
 C - the +5 long sword of Blood-Lust {flame, rElec Will+ Int+3}
   (You found it on level 1 of the Depths)

   Int+3:     It affects your intelligence (+3).
   rElec:     It insulates you from electricity.
   Will+:     It increases your willpower.
 H - a +4 antimagic halberd
 V - the +18 lance "Wyrmbane" (weapon) {slay drac, rPois rF+ rC+ AC+3}
   (You found it on level 2 of the Depths)

   AC+3:      It affects your AC (+3).
   rF+:       It protects you from fire.
   rC+:       It protects you from cold.
   rPois:     It protects you from poison.
Missiles
 d - 15 throwing nets (quivered) {!f}
 e - 17 javelins
 i - 38 boomerangs
 N - 9 silver javelins
Armour
 c - a +2 cloak of stealth (worn)
 k - +8 fire dragon scales
 v - the +0 pair of fencer's gloves (worn) {Riposte Dex+3}
   (You acquired it on level 12 of the Dungeon)

   Riposte:   It allows the wearer to riposte with melee weapons, swiftly
   retaliating against missed or blocked melee attacks.
   Dex+3:     It affects your dexterity (+3).
 B - the +1 helmet "Supot" (worn) {Dex+3}
   (You found it in a treasure trove)

   Dex+3:     It affects your dexterity (+3).
 G - +11 gold dragon scales (worn)
 I - the +0 pair of gloves of Pukh {Rampage ^Drain rN++}
   (You found it in a treasure trove)

   rN++:      It greatly protects you from negative energy.
   ^Drain:    It drains your maximum health when unequipped.
   Rampage:   It bestows one free step when moving towards enemies.
 S - a +2 pair of boots of flying (worn)
Gizmo
 U - a tuning scope (installed) {rPois Regen+ RegenMP+ rCorr Slay+3}
   (You invented it yourself on level 4 of the Lair of Beasts)

   [tuning scope]

   Slay+3:    It affects your accuracy & damage with ranged weapons and melee
   (+3).
   rPois:     It protects you from poison.
   Regen+:    It increases your rate of health regeneration.
   rCorr:     It protects you from acid and corrosion.
   RegenMP+:  It increases your rate of magic regeneration.
Wands
 f - a wand of digging (10)
 j - a wand of warping (17)
 D - a wand of polymorph (15)
 Z - a wand of quicksilver (16)
Scrolls
 g - 5 scrolls of fear
 h - 5 scrolls of revelation
 m - 22 scrolls of teleportation {!r}
 p - 2 scrolls of summoning
 q - a scroll of brand weapon
 y - 7 scrolls of blinking {!r}
 J - 7 scrolls of vulnerability
 O - 7 scrolls of poison
 Q - 5 scrolls of silence
 W - 9 scrolls of enchant weapon
 Y - 3 scrolls of fog
Potions
 l - 4 potions of ambrosia
 n - 7 potions of magic
 r - 32 potions of curing
 s - 7 potions of heal wounds
 t - 8 potions of resistance
 u - 8 potions of enlightenment
 w - 11 potions of mutation {!q}
 z - 4 potions of berserk rage
 E - 9 potions of haste
 F - 2 potions of cancellation
 K - 5 potions of lignification
 L - a potion of invisibility
 M - 14 potions of might
 P - 4 potions of attraction
Miscellaneous
 o - a phial of floods
 x - a lightning rod (4/4)
 A - a tin of tremorstones (2/2)
 R - a sack of spiders (inert)
 X - a phantom mirror


   Skills:
 + Level 22.2 Fighting
 - Level 16.0 Long Blades
 - Level 13.6(16.0) Polearms
 - Level 13.7(16.0) Staves
 - Level 11.7 Throwing
 - Level 18.1 Armour
 - Level 16.0 Dodging
 - Level 9.0 Stealth
 - Level 10.0 Spellcasting
 - Level 12.0 Translocations
 - Level 16.0 Evocations


You had 34 spell levels left.
You knew the following spells:

 Your Spells              Type           Power      Damage    Failure   Level
a - Apportation           Tloc           46%        N/A       3%          1
b - Blink                 Tloc           46%        N/A       5%          2
m - Manifold Assault      Tloc           23%        N/A       34%         4
p - Passage of Golubria   Tloc           23%        N/A       34%         4

Your spell library contained the following spells:

 Spells                   Type           Power      Damage    Failure   Level
 Lesser Beckoning         Tloc           46%        N/A       5%          2
 Gell's Gravitas          Tloc           23%        N/A       11%         3
 Teleport Other           Tloc           23%        N/A       11%         3
 Momentum Strike          Conj/Tloc      26%        3d8       52%         2
 Volatile Blastmotes      Fire/Tloc      40%        2d13      77%         3
 Freeze                   Ice            24%        1d4       99%         1
 Magic Dart               Conj           16%        1d3       99%         1
 Shock                    Conj/Air       24%        1d4       99%         1
 Slow                     Hex            16%        N/A       99%         1
 Summon Small Mammal      Summ           16%        N/A       99%         1
 Dimensional Bullseye     Hex/Tloc       6%         N/A       99%         4
 Iskenderun's Mystic Bla  Conj/Tloc      13%        2d5       99%         4
 Vhi's Electric Charge    Tloc/Air       40%        N/A       99%         4
 Call Imp                 Summ           8%         N/A       100%        2
 Cigotuvi's Dreadful Rot  Necr/Alch/Air  12%        N/A       100%        2
 Jinxbite                 Hex            8%         N/A       100%        2
 Mercury Vapours          Alch/Air       12%        N/A       100%        2
 Call Canine Familiar     Summ           4%         N/A       100%        3
 Dazzling Flash           Conj/Hex       8%         N/A       100%        3
 Frozen Ramparts          Ice            12%        1d2       100%        3
 Fugue of the Fallen      Necr           4%         N/A       100%        3
 Hailstorm                Conj/Ice       6%         3d5       100%        3
 Mephitic Cloud           Conj/Alch/Air  6%         N/A       100%        3
 Ozocubu's Armour         Ice            6%         N/A       100%        3
 Sigil of Binding         Hex            4%         N/A       100%        3
 Stone Arrow              Conj/Erth      12%        3d7       100%        3
 Summon Ice Beast         Ice/Summ       6%         N/A       100%        3
 Swiftness                Air            6%         N/A       100%        3
 Tukima's Dance           Hex            4%         N/A       100%        3
 Vampiric Draining        Necr           4%         2d6       100%        3
 Airstrike                Air            3%         2d(1-17)  100%        4
 Animate Armour           Summ/Erth      12%        N/A       100%        4
 Cause Fear               Hex            2%         N/A       100%        4
 Dispel Undead            Necr           4%         3d7       100%        4
 Fulminant Prism          Conj/Alch      2%         3d5       100%        4
 Leda's Liquefaction      Alch/Erth      3%         N/A       100%        4
 Martyr's Knell           Necr/Summ      4%         N/A       100%        4
 Petrify                  Alch/Erth      6%         N/A       100%        4
 Summon Blazeheart Golem  Fire/Summ      6%         N/A       100%        4
 Summon Lightning Spire   Summ/Air       6%         N/A       100%        4
 Alistair's Intoxication  Alch           2%         N/A       100%        5
 Arcjolt                  Conj/Air       3%         1d13      100%        5
 Borgnjor's Vile Clutch   Necr/Erth      3%         N/A       100%        5
 Curse of Agony           Necr           4%         N/A       100%        5
 Fireball                 Conj/Fire      3%         3d4       100%        5
 Freezing Cloud           Conj/Ice/Air   4%         6-21      100%        5
 Lee's Rapid Deconstruct  Erth           3%         3d5*      100%        5
 Metabolic Englaciation   Hex/Ice        3%         N/A       100%        5
 Silence                  Hex/Air        3%         N/A       100%        5
 Yara's Violent Unravell  Hex/Alch       2%         3d3       100%        5
 Bombard                  Conj/Erth      3%         9d1       100%        6
 Death Channel            Necr           2%         N/A       100%        6
 Eringya's Noxious Bog    Alch           2%         4d6       100%        6
 Sculpt Simulacrum        Ice/Alch       3%         N/A       100%        6
 Starburst                Conj/Fire      3%         6d3       100%        6
 Haunt                    Necr/Summ      2%         N/A       100%        7
 Orb of Destruction       Conj           2%         9d5       100%        7
 Ozocubu's Refrigeration  Ice            3%         4d8       100%        7
 Spellforged Servitor     Conj/Summ      2%         N/A       100%        7
 Infestation              Necr           2%         N/A       100%        8
 Lehudib's Crystal Spear  Conj/Erth      3%         10d2      100%        8
 Maxwell's Capacitive Co  Air            3%         ∞         100%        8
 Summon Horrible Things   Summ           2%         N/A       100%        8
 Dragon's Call            Summ           2%         N/A       100%        9
 Polar Vortex             Ice            3%         N/A       100%        9
 Animate Dead             Necr           Unusable   N/A       N/A         4

Dungeon Overview and Level Annotations

Branches:
Dungeon (15/15)            Temple (1/1) D:6            Lair (5/5) D:9
 Shoals (4/4) Lair:2        Snake (4/4) Lair:3        Slime (0/5) Lair:4
    Orc (2/2) D:12            Elf (3/3) Orc:2        Vaults (5/5) D:13
  Crypt (1/3) Vaults:3     Depths (4/4) D:15            Zot (5/5) Depths:4
  Sewer (visited)         Ossuary (visited)          Bailey (visited)

Altars:
Ashenzari
Cheibriados
Dithmenos
Elyvilon
Fedhas
Gozag
Hepliaklqana
Kikubaaqudgha
Makhleb
Nemelex Xobeh
Okawaru
Qazlal
Ru
Sif Muna
Trog
Uskayaw
Vehumet
Wu Jian
Xom
Yredelemnul
Zin
The Shining One
Jiyva

Shops:
D:9 (   D:10 [   D:11 *   D:12 *[   D:13 *   Orc:1 :(   Orc:2 :!(=   Elf:2 !
Elf:3 !   Snake:1 :==   Snake:3 :   Vaults:2 [[   Vaults:3 !([   Vaults:5 *[
Zot:3 *   Depths:2 :   Depths:3 (   Depths:4 *

Portals:
Hell: Depths:1 Depths:2 Depths:3 Depths:4
Abyss: Depths:1 Depths:2 Depths:3 Depths:4
Pandemonium: Depths:1 Depths:2
Ziggurat: Depths:3

Annotations:
Elf:1 2 transporters, Eseiphumn's ghost, adept MeFi
Crypt:1 Vv
Depths:3 2 transporters, Kuligiro's ghost, veteran DsWn
Zot:1 3 runed translucent doors, Twiddyhohoho's ghost, veteran MiHu


Innate Abilities, Weirdness & Mutations

You can wield a second weapon in your off-hand.
It takes a long time for you to wield or remove held weapons.
Your first few attacks do less damage.
You cannot equip rings or amulets.
You are clumsy. (Dex -2)
You occasionally lose the ability to drink potions when taking damage.


Message History

There is a stone staircase leading up here.
You fly upwards.
There is a stone staircase leading down here.
Myure stares, then turns away, jangling a coin purse.
The hellwing stares, then turns away, jangling a coin purse.
A Myure and a hellwing come into view.
The Brimstone Fiend stares, then turns away, jangling a coin purse.
A Brimstone Fiend comes into view.
There is a stone staircase leading up here.
You fly upwards.
There is a stone staircase leading down here.
There is a stone staircase leading up here.
You fly upwards.
There is a stone staircase leading down here.
There is a stone staircase leading up here.
You fly upwards.
There is a stone staircase leading down here.
The Orb Guardian stares, then turns away, jangling a coin purse.
An Orb Guardian comes into view.
There is an open door here.
There is an open door here.
The neqoxec stares, then turns away, jangling a coin purse.
A neqoxec comes into view.
You swap places.
There is an open door here.
Items here: ))) ÷.
Items here: ))) [[ ÷÷÷÷.
Gozag spreads your bribe to the Dungeon!
You see here a hobgoblin skeleton.
Items here: ))) ÷.
You see here the felid skeleton of Natasha.
You see here an adder skeleton.
There is a stone staircase leading up here.
You fly upwards.
There is a stone staircase leading down here.
There is an open door here.
You reach down and open the door.
There is an open door here.
There is a staircase leading out of the dungeon here.
You have escaped!

#.#'#### #...# #.# #.#.#
###...### #.# #.#.#
#.......# #.#
#.#.#########.......####.#
#.#.....##.............#.#
#.#.###..'......⌠......'.#
#.#.# ####.............#.#
#.#.# ####.......####.#
#.#.# #@......# #.####
#.#.# ###...### #....#
#.#.# #...# #..#.# #.#.#
#...# #..#.# #.#.#
#####'#######..#.# #.#.#
#####...........#....#
####.#.#
#...#.########.##.#..#
..##.#.####...#.#
#.##.#..#
..##.#..[.'..)..#
###############


There were no monsters in sight!

Vanquished Creatures
  A dread lich (Vaults:5)
  An orb of fire (Zot:5)
  A pandemonium lord (Depths:4)
  3 juggernauts
  An ancient lich (Vaults:5)
  A Killer Klown (Zot:5)
  The ghost of Emnejil the Slayer, a master VSBe of Trog (Zot:4)
  A caustic shrike (Depths:2)
  Vashnia (Snake:4)
  5 curse toes
  Nikola (Vaults:1)
  Saint Roka (Elf:3)
  11 golden dragons
  Norris (Vaults:1)
  A bone dragon (Depths:3)
  3 electric golems
  5 liches
  A walking crystal tome (Depths:4)
  A Hell Sentinel (D:15)
  15 Orb Guardians
  16 tentacled monstrosities
  A deep elf master archer (Elf:3)
  2 deep elf blademasters
  3 titans (Vaults:5)
  Asterion (Vaults:1)
  The ghost of Wiath the Deadly Accurate, an adept DrBr of Ashenzari (Vaults:3)
  6 quicksilver dragons
  Gastronok (Lair:3)
  6 sphinxes
  An ancient champion (Crypt:1)
  2 tentacled starspawn (Abyss:2)
  3 death cobs
  A kraken (Shoals:4)
  11 shadow dragons
  5 tengu reavers
  2 revenants (Crypt:1)
  Kirke (D:14)
  7 draconian monks
  Roxanne (D:14)
  14 storm dragons
  8 draconian knights
  An azure jelly (Orc:2)
  12 frost giants
  11 fire giants
  3 protean progenitors
  5 nagarajas
  8 deep elf sorcerers (Elf:3)
  A daeva (Depths:3)
  9 draconian shifters
  Ilsuiw (Shoals:2)
  An iron dragon (Vaults:5)
  5 ghost moths (Zot:2)
  4 deep elf elementalists (Elf:3)
  2 balrugs
  A reaper (Depths:1)
  A ghoul (Crypt:1)
  3 draconian scorchers
  2 draconian stormcallers
  17 vault wardens
  4 draconian annihilators
  A curse skull (Crypt:1)
  An orc warlord (Vaults:2)
  13 ironbound preservers
  21 stone giants
  10 very ugly things
  2 formless jellyfish
  11 ironbound thunderhulks
  9 deep elf demonologists
  2 vampire knights
  6 black draconians
  10 green draconians
  4 deep elf death magi (Elf:3)
  7 purple draconians
  4 white draconians
  7 yellow draconians
  12 deep elf annihilators
  2 spark wasps (Depths:1)
  3 war gargoyles
  A lorocyproca (Depths:1)
  A dire elephant (Vaults:2)
  4 red draconians
  2 green deaths (Depths:1)
  6 merfolk javelineers
  4 entropy weavers
  6 merfolk impalers
  14 ettins
  A deep elf high priest (Elf:3)
  2 jiangshi (Depths:4)
  15 yaktaur captains
  A crystal guardian (Vaults:3)
  4 fire dragons
  Harold (D:10)
  3 great orbs of eyes
  4 hydras
  3 ice dragons
  4 salamander tyrants
  A catoblepas (Lair:3)
  5 spriggan air magi
  33 vault guards
  A peacekeeper (Vaults:3)
  5 ironbound frosthearts
  2 rakshasas
  4 ogre magi (Orc:2)
  2 hell beasts (Depths:1)
  2 alligator snapping turtles (Shoals:4)
  A death knight (Crypt:1)
  6 merfolk avatars
  3 tengu warriors
  10 anacondas
  23 dancing weapons
  2 merfolk aquamancers (Shoals:4)
  7 boulder beetles
  9 death yaks
  4 satyrs
  5 deep troll shamans
  13 centaur warriors
  A sphinx skeleton (Depths:3)
  19 two-headed ogres
  14 naga warriors
  A hell hog (Lair:5)
  2 vampire magi
  11 deep troll earth magi
  2 thrashing horrors (Abyss:2)
  6 shock serpents
  A bennu skeleton (Crypt:1)
  2 occultists
  2 spriggan berserkers
  4 sun demons
  7 skysharks
  13 naga sharpshooters
  10 deep elf knights
  Sonja (D:13)
  14 hell knights
  A storm dragon zombie (Vaults:4)
  8 iron trolls
  2 wretched stars (Abyss:2)
  2 soul eaters
  4 salamander mystics
  4 sixfirhies (Depths:1)
  8 skeletal warriors
  A mana viper (shapeshifter) (Vaults:5)
  44 deep trolls
  6 naga ritualists
  A storm dragon skeleton (Vaults:4)
  3 flayed ghosts
  9 mana vipers
  2 sea snakes (Shoals:4)
  A bog body (Crypt:1)
  3 spectral anacondas (Snake:3)
  5 glowing orange brains
  An obsidian statue (Depths:1)
  23 harpies
  A shadow demon (Depths:1)
  9 arcanists
  9 lindwurms
  21 deep elf zephyrmancers
  A kraken simulacrum (Shoals:1)
  5 phantasmal warriors
  13 deep elf archers
  8 necromancers
  7 orc knights
  An orange crystal statue (Depths:4)
  28 deep elf pyromancers
  13 ironbound convokers
  18 ugly things
  3 orc sorcerers
  4 thermic dynamos (Elf:2)
  An oklob plant (Lair:4)
  A manticore (shapeshifter) (Vaults:5)
  27 manticores
  18 moths of wrath
  A salamander (shapeshifter) (Depths:2)
  9 cyclopes
  A shining eye (shapeshifter) (Vaults:2)
  An elf skeleton (Vaults:4)
  A tengu skeleton (Vaults:3)
  A frost giant zombie (Depths:3)
  A stone giant zombie (Vaults:3)
  17 salamanders
  14 fauns
  A toenail golem (Depths:3)
  8 merfolk sirens
  22 vault sentinels
  17 naga magi
  3 elephants
  3 smoke demons (Depths:1)
  A guardian serpent (shapeshifter) (Depths:1)
  A fire giant skeleton (Depths:3)
  7 guardian serpents
  A rust devil (Depths:1)
  4 water nymphs
  34 black mambas
  3 torpor snails (Lair:5)
  2 spectral sea snakes (Snake:3)
  7 large abominations
  A shock serpent skeleton (Crypt:1)
  3 unseen horror zombies (D:8)
  5 rime drakes
  6 gargoyles
  4 unseen horrors (Depths:4)
  14 cane toads
  2 freezing wraiths
  A tormentor (Depths:1)
  A kobold demonologist (D:13)
  A sea snake zombie (Crypt:1)
  31 yaktaurs
  4 anaconda simulacra (Snake:3)
  9 komodo dragons
  4 spectral nagas (Snake:3)
  An efreet (Abyss:2)
  2 ice devils (Depths:1)
  2 red devils
  A sea snake skeleton (Snake:3)
  A yaktaur skeleton (Vaults:4)
  2 ancient zymes (Abyss:2)
  21 merfolk
  4 wind drakes
  7 trolls
  10 polar bears
  A polar bear (shapeshifter) (Elf:1)
  A hornet (D:8)
  Grinder (D:3)
  2 raiju (Lair:5)
  A human skeleton (Vaults:4)
  A blink frog (shapeshifter) (D:14)
  A spectral guardian serpent (Snake:3)
  4 snapping turtles
  3 glass eyes
  A glass eye (shapeshifter) (Depths:3)
  34 blink frogs
  14 dream sheep
  19 slime creatures
  A jumping spider (shapeshifter) (Vaults:5)
  2 shadows
  10 water elementals
  4 centaur simulacra
  A shapeshifter (Elf:1)
  6 air elementals
  4 wraiths
  69 yaks
  3 fire elementals
  7 basilisks
  8 small abominations (Depths:4)
  3 wyverns
  3 hogs (D:14)
  A golden eye (shapeshifter) (Elf:3)
  19 humans (D:13)
  4 steam dragons
  5 vampire mosquitoes
  3 starcursed masses (Abyss:2)
  An alligator snapping turtle simulacrum (Shoals:1)
  5 wargs
  5 redbacks
  2 death yak simulacra (Shoals:1)
  2 chaos spawn
  6 sea snake simulacra
  35 nagas
  A harpy simulacrum (Shoals:1)
  2 swamp worms (Zot:5)
  A neqoxec (Abyss:2)
  2 swamp worms (shapeshifter)
  2 acid dragons
  15 hell hounds (Lair:5)
  2 guardian serpent simulacra (Snake:3)
  13 water moccasins
  2 satyr simulacra (Shoals:1)
  An ice beast (Abyss:2)
  3 sky beasts
  15 black bears
  2 laughing skulls (D:15)
  30 orc warriors
  28 ogres
  31 wolves
  8 centaurs
  4 phantoms
  A kobold brigand (D:7)
  A human simulacrum (Depths:3)
  17 bullfrogs
  A draconian skeleton (Crypt:1)
  A faun simulacrum (Shoals:1)
  A glowing shapeshifter simulacrum (Vaults:3)
  2 merfolk simulacra (Shoals:1)
  A naga simulacrum (Snake:3)
  3 earth elementals (Elf:1)
  A wyvern zombie (D:8)
  A ballistomycete (Lair:5)
  12 killer bees
  4 manticore simulacra (Shoals:1)
  A snapping turtle simulacrum (Shoals:1)
  An electric eel (Lair:5)
  11 howler monkeys
  A bullfrog zombie (Ossuary)
  3 centaur zombies (D:8)
  2 jellies
  3 bombardier beetles
  14 orc priests
  Crazy Yiuf (D:3)
  2 hounds
  A cyclops simulacrum (Shoals:1)
  10 mummies (Ossuary)
  Terence (D:2)
  3 sleepcaps
  6 iguanas
  Natasha (thrice) (D:2)
  15 orc wizards
  4 crocodile zombies (Ossuary)
  4 hound zombies (Ossuary)
  5 howler monkey zombies
  Robin (D:2)
  3 gnolls
  22 adders
  2 river rats (Sewer)
  2 white imps
  4 dart slugs
  3 ribbon worms
  72 orcs
  15 ball pythons
  5 bats
  9 endoplasms
  10 giant cockroaches
  10 goblins
  8 hobgoblins
  A quokka (D:2)
  3 training dummies (Orc:1)
  4 ball python zombies (Ossuary)
  4 frilled lizards
  14 kobolds
  22 rats
  2 aspiring fleshes (Zot:2)
  A ballistomycete spore (Lair:5)
  3 starspawn tentacles (Abyss:2)
  4 tentacles
2117 creatures vanquished.

Vanquished Creatures (collateral kills)
  A Killer Klown (Zot:5)
  3 tentacled monstrosities
  2 Orb Guardians (Zot:5)
  A death cob (Zot:1)
  A nagaraja (Snake:3)
  A draconian monk (Zot:1)
  2 draconian knights (Zot:1)
  A protean progenitor (Zot:5)
  A draconian shifter (Zot:1)
  A draconian stormcaller (Zot:2)
  A balrug (D:7)
  2 broodmothers (Zot:5)
  4 green draconians
  2 purple draconians
  A red draconian (Zot:2)
  3 white draconians (Zot:2)
  Erolcha (D:11)
  A death knight (D:14)
  A dancing weapon (Elf:3)
  A sixfirhy (Zot:1)
  2 deep elf zephyrmancers
  A deep elf pyromancer (Elf:1)
  2 moths of wrath (Zot:1)
  A merfolk siren (Shoals:2)
  An orange demon (Zot:1)
  2 yaks (Lair:1)
  A swamp worm (Zot:5)
  A naga (Snake:2)
  2 bullfrogs (Lair:1)
  6 killer bees
  An orc (Orc:2)
51 creatures vanquished.

Vanquished Creatures (others)
  An orb of fire (Zot:5)
  2 ancient liches (Zot:5)
  3 Killer Klowns (Zot:5)
  A golden dragon (Zot:5)
  A Tzitzimitl (D:10)
  9 Orb Guardians (Zot:5)
  A tentacled monstrosity (Zot:1)
  A storm dragon (Zot:1)
  2 draconian knights
  A draconian monk (Zot:1)
  A draconian scorcher (Zot:1)
  A draconian annihilator (Zot:1)
  3 green draconians
  3 red draconians (Zot:1)
  A black draconian (Zot:1)
  4 yellow draconians
  4 purple draconians
  A white draconian (Zot:1)
  A deep elf knight (Elf:1)
  An obsidian statue (Zot:1)
  2 harpies (Vaults:1)
  A deep elf zephyrmancer (Elf:1)
  A moth of wrath (Zot:1)
  A vault sentinel (Vaults:1)
  A spectral guardian serpent (Snake:3)
  A sky beast (D:11)
  2 ballistomycete spores (Lair:5)
  3 spectral weapons
  4 starspawn tentacles (Abyss:2)
  9 tentacles
67 creatures vanquished.

Grand Total: 2235 creatures vanquished

Notes
Turn   | Place    | Note
-------+----------+-------------------------------------------
     0 | D:1      | seren the Coglin Gladiator began the quest for the Orb.
     0 | D:1      | Reached XP level 1. HP: 16/16 MP: 1/1
   324 | D:1      | Reached XP level 2. HP: 22/22 MP: 2/2
  1017 | D:2      | Noticed Natasha
  1023 | D:2      | Killed Natasha
  1024 | D:2      | Reached XP level 3. HP: 28/28 MP: 3/3
  1086 | D:2      | Reached XP level 4. HP: 32/34 MP: 4/4
  1179 | D:2      | Reached skill level 1 in Armour
  1184 | D:2      | Noticed Robin
  1200 | D:2      | Killed Robin
  1451 | D:2      | Noticed Natasha
  1456 | D:2      | Killed Natasha
  1457 | D:2      | Reached XP level 5. HP: 39/39 MP: 5/5
  1484 | D:2      | Noticed Natasha
  1488 | D:2      | Killed Natasha
  1539 | D:2      | Noticed Terence
  1544 | D:2      | Killed Terence
  2115 | D:2      | Reached skill level 3 in Fighting
  2115 | D:2      | Reached XP level 6. HP: 44/47 MP: 6/6
  2134 | D:3      | Reached skill level 1 in Evocations
  2604 | D:3      | Noticed Grinder
  2606 | D:3      | Paralysed by Grinder for 3 turns
  2620 | D:3      | Killed Grinder
  2621 | D:3      | Reached skill level 5 in Long Blades
  2621 | D:3      | Reached XP level 7. HP: 51/52 MP: 7/7
  2771 | D:3      | Found a runed translucent door.
  2772 | D:3      | Noticed Crazy Yiuf
  3275 | D:4      | Identified the +1 robe "Geomemot" {rN++ Stlth- Archmagi}
  3380 | D:4      | Found a blossoming altar of Fedhas.
  3448 | D:4      | Reached XP level 8. HP: 54/60 MP: 8/8
  4047 | D:5      | Entered Level 5 of the Dungeon
  4091 | D:5      | Reached skill level 4 in Fighting
  4139 | D:5      | Found a hide-covered altar of Uskayaw.
  4208 | D:5      | Reached skill level 5 in Evocations
  4402 | D:5      | Noticed a two-headed ogre
  4408 | D:5      | Killed a two-headed ogre
  4409 | D:5      | Reached XP level 9. HP: 66/66 MP: 9/9
  4422 | D:5      | Found a glowing drain.
  4427 | Sewer    | Entered a sewer
  4822 | D:5      | Found an ancient bone altar of Kikubaaqudgha.
  4888 | D:5      | Found a glowing silver altar of Zin.
  5506 | D:6      | Found an opulent altar of Gozag.
  5557 | D:6      | Became a worshipper of Gozag Ym Sagoz the Greedy
  5617 | D:6      | Found a staircase to the Ecumenical Temple.
  5650 | D:6      | Noticed a two-headed ogre
  5664 | D:6      | Reached skill level 5 in Fighting
  5674 | D:6      | Killed a two-headed ogre
  5675 | D:6      | Reached skill level 5 in Dodging
  5700 | D:6      | Reached skill level 5 in Throwing
  5884 | D:6      | Reached XP level 10. HP: 74/74 MP: 10/10
  5908 | D:6      | Found a sand-covered staircase.
  5913 | Ossuary  | Entered an ossuary
  6669 | D:6      | Found a hazy altar of Hepliaklqana.
  6859 | D:6      | Upgraded the game from 0.32-a0-589-g2d1f746d5d to
                  | 0.32-a0-607-g64ea0e4219
  6893 | D:7      | Reached skill level 5 in Armour
  7099 | D:7      | Reached skill level 6 in Fighting
  8734 | D:8      | Found a basalt altar of Yredelemnul.
  8988 | D:8      | Reached XP level 11. HP: 66/83 MP: 11/11
  9162 | D:8      | Identified the +0 whip of the Silent Majority {pain, rN+}
  9471 | D:8      | Found a sacrificial altar of Ru.
  9627 | D:9      | Found Rodeewag's Antique Weapon Emporium.
  9720 | D:9      | Reached skill level 7 in Fighting
 10855 | D:9      | Found a staircase to the Lair.
 11001 | D:10     | Entered Level 10 of the Dungeon
 11038 | D:10     | Found a snail-covered altar of Cheibriados.
 11145 | D:10     | Found a flagged portal.
 11188 | Bailey   | Entered a bailey
 11709 | Bailey   | Reached skill level 10 in Long Blades
 11774 | Bailey   | Found the +3 Elemental Staff {ele, rElec rF+ rC+ AC+3}
 11778 | Bailey   | Identified the +5 gold dragon scales of Hedge Wizardry
                  | {Harm *Slow rPois rF+ rC+ SInv}
 12234 | D:10     | Found Ymaj's Armour Shoppe.
 12244 | D:10     | Reached skill level 1 in Staves
 12268 | D:10     | Bought a +1 chain mail of poison resistance for 175 gold
                  | pieces
 12349 | D:10     | Noticed Harold
 12368 | D:10     | Killed Harold
 12697 | D:11     | Noticed Erolcha
 12718 | D:11     | Killed Erolcha
 12719 | D:11     | Reached skill level 8 in Fighting
 12719 | D:11     | Reached XP level 12. HP: 92/92 MP: 12/12
 13212 | D:11     | Found Ufekh's Assorted Antiques.
 14129 | Lair:1   | Entered Level 1 of the Lair of Beasts
 15195 | Lair:2   | Reached skill level 9 in Fighting
 15223 | Lair:2   | Learned a level 2 spell: Blink
 15247 | Lair:2   | Found a staircase to the Shoals.
 15423 | Lair:2   | Reached XP level 13. HP: 101/101 MP: 13/13
 15879 | Lair:2   | Reached skill level 5 in Staves
 17316 | Lair:3   | Found a staircase to the Snake Pit.
 17367 | Lair:3   | Noticed Gastronok
 17392 | Lair:3   | Killed Gastronok
 17507 | Lair:3   | Reached skill level 10 in Fighting
 18295 | Lair:4   | Found a viscous altar of Jiyva.
 18295 | Lair:4   | Found a staircase to the Slime Pits.
 19754 | Lair:4   | Reached XP level 14. HP: 97/111 MP: 14/14
 19756 | Lair:4   | Acquired a tuning scope {rPois Regen+ RegenMP+ rCorr
                  | Slay+3}
 19821 | Lair:5   | Entered Level 5 of the Lair of Beasts
 20902 | Lair:5   | Reached skill level 10 in Dodging
 21530 | Lair:5   | Reached skill level 11 in Fighting
 21947 | Lair:5   | Reached skill level 10 in Armour
 21990 | Lair:5   | Reached XP level 15. HP: 106/119 MP: 15/15
 22263 | Lair:5   | Reached skill level 10 in Evocations
 22724 | D:12     | Found a staircase to the Orcish Mines.
 22748 | D:12     | Found Heoketeg's Armour Boutique.
 22775 | D:12     | Bought a +2 cloak of stealth for 236 gold pieces
 22788 | D:12     | Bought +2 fire dragon scales for 792 gold pieces
 23172 | D:12     | Found an ornate altar of the Wu Jian Council.
 23320 | D:12     | Found Olishiga's Assorted Antiques.
 23328 | D:12     | Bought a scroll of identify for 62 gold pieces
 23328 | D:12     | Bought a scroll of fear for 124 gold pieces
 23328 | D:12     | Bought a potion of curing for 93 gold pieces
 23328 | D:12     | Bought a scroll of identify for 62 gold pieces
 23328 | D:12     | Bought a scroll of enchant weapon for 232 gold pieces
 23328 | D:12     | Bought a scroll of identify for 62 gold pieces
 23344 | D:12     | Identified a scroll of acquirement
 23344 | D:12     | Acquired the +0 pair of fencer's gloves {Riposte Dex+3}
 23344 | D:12     | Found the +0 pair of fencer's gloves {Riposte Dex+3}
 23469 | Orc:1    | Entered Level 1 of the Orcish Mines
 23479 | Orc:1    | Found Ugeakio's Firing Range.
 23490 | Orc:1    | Bought 2 throwing nets for 78 gold pieces
 23717 | Orc:1    | Found Poaxzem's Book Emporium.
 23969 | Orc:2    | Entered Level 2 of the Orcish Mines
 23977 | Orc:2    | Noticed an orc warlord
 23994 | Orc:2    | Found a staircase to the Elven Halls.
 23999 | Orc:2    | Paralysed by an orc sorcerer for 3 turns
 24531 | Orc:2    | Reached skill level 12 in Fighting
 24783 | Orc:2    | an orc warlord changed into an azure jelly
 24783 | Orc:2    | Noticed an azure jelly
 24784 | Orc:2    | Killed an azure jelly
 24852 | Orc:2    | Found Ephairch's Jewellery Boutique.
 24852 | Orc:2    | Found Oluf's Weapon Shoppe.
 24853 | Orc:2    | Found Zuse's Distillery.
 24853 | Orc:2    | Found Ytac's Book Shop.
 24861 | Orc:2    | Bought a potion of curing for 39 gold pieces
 24861 | Orc:2    | Bought a potion of invisibility for 104 gold pieces
 25473 | D:13     | Reached XP level 16. HP: 127/127 MP: 16/16
 25497 | D:13     | Found Tec Calu's Wicked Wares.
 25504 | D:13     | Bought a +3 demon blade for 384 gold pieces
 25845 | D:13     | Noticed Sonja
 25853 | D:13     | Killed Sonja
 25902 | D:13     | Found a portal to a secret trove of treasure.
 26105 | D:13     | Found a gate to the Vaults.
 26372 | D:14     | Noticed Roxanne
 26846 | D:13     | You paid a toll of 7 scrolls of fog to enter a treasure
                  | trove
 26847 | Trove    | Entered a treasure trove
 26854 | Trove    | Identified the +1 buckler of Dim Light {rElec Regen+
                  | Stlth+}
 26863 | Trove    | Identified the +1 leather armour "Ilusad" {rC++}
 26869 | Trove    | Identified the +1 helmet "Supot" {Dex+3}
 26873 | Trove    | Identified the +0 pair of gloves of Pukh {Rampage ^Drain
                  | rN++}
 26875 | Trove    | Identified the +0 pair of gloves of Jaiff {*Slow rElec rF+
                  | Stlth+}
 26879 | Trove    | Identified the +1 robe "Xaetzuol" {*Corrode Dex+2 Slay+5
                  | Stlth+}
 26883 | Trove    | Identified the -1 pair of gloves of the Gravedigger
                  | {^Contam +Inv rElec Str+3}
 26885 | Trove    | Identified the +0 cloak of Cemar {Int+2}
 26887 | Trove    | Identified the +1 chain mail of the Viny God {Dex+2 Stlth+}
 26889 | Trove    | Identified the +3 ring mail of Nydgh {rF+ Will+ rCorr}
 27122 | D:14     | Noticed Kirke
 27137 | D:14     | Killed Kirke
 27392 | D:14     | Found a sacrificial altar of Ru.
 27940 | D:15     | Entered Level 15 of the Dungeon
 28003 | D:15     | Found a staircase to the Depths.
 28365 | D:15     | Identified the +4 plate armour of Beogh {rPois Str+3 Int+2}
 29141 | D:3      | Killed Crazy Yiuf
 29356 | Shoals:1 | Entered Level 1 of the Shoals
 29678 | Shoals:1 | Reached skill level 13 in Fighting
 29905 | Shoals:1 | Found a runed translucent gate.
 29905 | Shoals:1 | Found a runed translucent gate.
 29907 | Shoals:1 | Found a runed translucent gate.
 30216 | Shoals:2 | Reached XP level 17. HP: 115/136 MP: 17/17
 30244 | Shoals:2 | Identified the granite talisman of Chill Winds {rN++ Str+2
                  | SInv}
 30252 | Shoals:2 | Noticed Ilsuiw
 30479 | Snake:1  | Entered Level 1 of the Snake Pit
 30556 | Snake:1  | Reached skill level 10 in Staves
 30667 | Snake:1  | Found Urrowe Bats's Jewellery Shop.
 30668 | Snake:1  | Found Peamm's Book Shoppe.
 30669 | Snake:1  | Found Qoferagu's Jewellery Shop.
 30690 | Snake:1  | Bought a book of Battle for 286 gold pieces
 30695 | Snake:1  | Learned a level 4 spell: Manifold Assault
 31117 | Snake:1  | Reached skill level 1 in Translocations
 31361 | Snake:1  | Reached skill level 1 in Spellcasting
 33280 | Snake:3  | Found Mixkemn's Tremendous Tomes.
 34123 | Snake:4  | Entered Level 4 of the Snake Pit
 34192 | Snake:4  | Reached XP level 18. HP: 145/145 MP: 22/22
 35205 | Snake:4  | Reached skill level 14 in Fighting
 35305 | Snake:4  | Noticed Vashnia
 35349 | Snake:4  | Killed Vashnia
 35350 | Snake:4  | Reached skill level 10 in Throwing
 35797 | Snake:4  | Found an iron altar of Okawaru.
 35879 | Snake:4  | Got a serpentine rune of Zot
 36215 | Shoals:2 | Killed Ilsuiw
 36944 | Shoals:3 | Reached skill level 5 in Translocations
 37128 | Shoals:3 | Reached skill level 15 in Long Blades
 37382 | Shoals:4 | Entered Level 4 of the Shoals
 38177 | Shoals:4 | Found the +6 Majin-Bo {spellvamp, MP+6 Int+6}
 38191 | Shoals:4 | Reached XP level 19. HP: 124/152 MP: 25/25
 38634 | Shoals:4 | Found Telas's General Store.
 38679 | Shoals:4 | Identified the +4 robe "Buntidgh" {rF- MP+9 Dex+9 Slay+2}
 39026 | Shoals:4 | Got a barnacled rune of Zot
 39992 | Temple   | Entered the Ecumenical Temple
 40178 | Vaults:1 | Entered Level 1 of the Vaults
 40592 | Vaults:1 | Noticed Norris
 40629 | Vaults:1 | Reached skill level 5 in Spellcasting
 40643 | Vaults:1 | Killed Norris
 40767 | Vaults:1 | Noticed Asterion
 40785 | Vaults:1 | Killed Asterion
 41199 | Vaults:1 | Noticed Nikola
 41212 | Vaults:1 | Killed Nikola
 41227 | Vaults:1 | Identified the +1 scale mail "Veleo" {rElec rN+ Will- MP+9
                  | SInv}
 41743 | Vaults:2 | Bought brightly glowing acid dragon scales for 1485 gold
                  | pieces
 41743 | Vaults:2 | Identified the +0 acid dragon scales "Omnaut" {Will+ rCorr
                  | Dex+3} (You bought it in a shop on level 2 of the Vaults)
 41745 | Vaults:2 | Bought a masterwork scale mail for 297 gold pieces
 41745 | Vaults:2 | Identified the +0 scale mail "Tivaarch" {rC++ Will-} (You
                  | bought it in a shop on level 2 of the Vaults)
 41745 | Vaults:2 | Bought an ancient scale mail for 297 gold pieces
 41745 | Vaults:2 | Identified the +3 scale mail of Rudut {*Slow rF++ rN+
                  | Str+3} (You bought it in a shop on level 2 of the Vaults)
 42387 | Vaults:2 | Reached XP level 20. HP: 147/161 MP: 28/28
 42440 | Vaults:2 | Reached skill level 15 in Fighting
 42458 | Vaults:2 | Found Hutamoar's Armour Boutique.
 42539 | Vaults:2 | Reached skill level 1 in Stealth
 43350 | Vaults:3 | Found a staircase to the Crypt.
 43350 | Vaults:3 | Found an ancient bone altar of Kikubaaqudgha.
 43350 | Vaults:3 | Found a basalt altar of Yredelemnul.
 43638 | Vaults:3 | Found Voyvvib's Antique Armour Emporium.
 43720 | Vaults:3 | Bought a warped leather armour for 189 gold pieces
 43720 | Vaults:3 | Identified the +3 leather armour "Taufybb" {Str+3 Int+2
                  | Dex+2} (You bought it in a shop on level 3 of the Vaults)
 43798 | Vaults:3 | Found a transporter.
 43798 | Vaults:3 | Noticed Wiath's ghost (adept DrBr)
 43798 | Vaults:3 | Identified the +1 great mace of Discomfort {flame, rN+}
 43799 | Vaults:3 | Found a transporter.
 44032 | Vaults:3 | Bought 2 potions of mutation for 160 gold pieces
 44032 | Vaults:3 | Bought a potion of might for 40 gold pieces
 44032 | Vaults:3 | Bought a potion of curing for 30 gold pieces
 44032 | Vaults:3 | Bought a potion of curing for 30 gold pieces
 44032 | Vaults:3 | Bought a potion of curing for 30 gold pieces
 44032 | Vaults:3 | Bought a potion of curing for 30 gold pieces
 44032 | Vaults:3 | Bought a potion of curing for 30 gold pieces
 44222 | Vaults:3 | Found Godweit's Antique Weapon Boutique.
 44230 | Vaults:3 | Bought a glowing long sword for 292 gold pieces
 44833 | Vaults:4 | Reached skill level 10 in Translocations
 45429 | Vaults:4 | Reached skill level 15 in Evocations
 45511 | Vaults:4 | Reached XP level 21. HP: 119/169 MP: 30/30
 46933 | Depths:1 | Entered Level 1 of the Depths
 47011 | Depths:1 | Identified the +5 long sword of Blood-Lust {flame, rElec
                  | Will+ Int+3}
 47054 | Depths:1 | Upgraded the game from 0.32-a0-607-g64ea0e4219 to
                  | 0.32-a0-612-g1c984fe9d1
 47435 | Depths:1 | Found a one-way gate leading to the halls of Pandemonium.
 48097 | Depths:1 | Found a one-way gate to the infinite horrors of the Abyss.
 48453 | Depths:1 | Reached skill level 16 in Fighting
 48457 | Depths:1 | Learned a level 1 spell: Apportation
 48571 | Depths:1 | Found a gateway to Hell.
 48607 | Depths:1 | Identified the +11 falchion of Ybosil {freeze, rC+}
 48973 | Depths:2 | Learned a level 4 spell: Passage of Golubria
 49078 | Depths:2 | Found Dasoigupt's Book Shoppe.
 49078 | Depths:2 | Found a broken altar of Ashenzari.
 49100 | Depths:2 | Bought a manual of Armour for 960 gold pieces
 49138 | Depths:2 | Noticed a golden dragon
 49204 | Depths:2 | Killed a golden dragon
 49205 | Depths:2 | Reached XP level 22. HP: 131/178 MP: 24/32
 49340 | Depths:2 | Noticed a juggernaut
 49352 | Depths:2 | Found a shimmering blue altar of Sif Muna.
 49506 | Depths:2 | Found the +8 lance "Wyrmbane" {slay drac, rPois rF+ rC+
                  | AC+3}
 49614 | Depths:2 | Reached skill level 1 in Polearms
 49896 | Depths:2 | Identified the +0 scale mail of the Orcish Mines {rElec rF+
                  | MP+9}
 49949 | Depths:2 | Killed a juggernaut
 50083 | Depths:2 | Noticed a caustic shrike
 50093 | Depths:2 | Killed a caustic shrike
 50108 | Depths:2 | Reached skill level 15 in Armour
 50125 | Depths:2 | Identified the +1 robe of Siat {Str+2}
 50404 | Depths:3 | Found a one-way gateway to a ziggurat.
 50612 | Depths:3 | Found a transporter.
 50633 | Depths:3 | Noticed a golden dragon
 50679 | Depths:3 | Killed a golden dragon
 50742 | Depths:3 | Found a transporter.
 51030 | Depths:3 | Found Moejesm's Weapon Boutique.
 51084 | Depths:3 | Identified the ring of the King {Wiz Fly Int+3}
 51093 | Depths:3 | Noticed a juggernaut
 51110 | Depths:3 | Noticed Kuligiro's ghost (veteran DsWn)
 51111 | Depths:3 | Noticed a juggernaut
 51123 | Depths:3 | Found a bloodstained altar of Trog.
 51626 | Depths:3 | Reached skill level 5 in Polearms
 51765 | Depths:3 | Noticed a golden dragon
 51903 | Depths:3 | Killed a golden dragon
 51961 | Depths:3 | Reached skill level 15 in Dodging
 52105 | Depths:4 | Entered Level 4 of the Depths
 52322 | Depths:4 | Found Big Baal Hell's Store.
 52788 | Depths:4 | Noticed a juggernaut
 52803 | Depths:4 | Killed a juggernaut
 53134 | Depths:4 | Noticed a golden dragon
 53183 | Depths:4 | Reached XP level 23. HP: 180/186 MP: 33/33
 53285 | Depths:3 | Killed a golden dragon
 53630 | Depths:4 | Found a gate to the Realm of Zot.
 54335 | Elf:1    | Entered Level 1 of the Elven Halls
 54340 | Elf:1    | Paralysed by an air elemental for 1 turns
 54808 | Elf:1    | Noticed Eseiphumn's ghost (adept MeFi)
 54810 | Elf:1    | Found a transporter.
 54815 | Elf:1    | Found a transporter.
 55295 | Elf:2    | Found a radiant altar of Vehumet.
 55655 | Elf:2    | Found Foph's Distillery.
 55663 | Elf:2    | Bought a potion of haste for 170 gold pieces
 55663 | Elf:2    | Bought a potion of mutation for 136 gold pieces
 55663 | Elf:2    | Bought a potion of heal wounds for 85 gold pieces
 55663 | Elf:2    | Bought a potion of resistance for 170 gold pieces
 55663 | Elf:2    | Bought a potion of might for 68 gold pieces
 55900 | Elf:2    | Found a huge runed translucent gate.
 55900 | Elf:2    | Found a huge runed translucent gate.
 55900 | Elf:2    | Found a huge runed translucent gate.
 55900 | Elf:2    | Found a huge runed translucent gate.
 55900 | Elf:2    | Found a huge runed translucent gate.
 56077 | Elf:2    | Reached skill level 17 in Fighting
 56644 | Elf:3    | Entered Level 3 of the Elven Halls
 57060 | Elf:3    | Found Nuqywn's Distillery.
 57064 | Elf:3    | Bought a potion of enlightenment for 70 gold pieces
 57064 | Elf:3    | Bought a potion of cancellation for 112 gold pieces
 57064 | Elf:3    | Bought a potion of mutation for 112 gold pieces
 57064 | Elf:3    | Bought a potion of curing for 42 gold pieces
 57064 | Elf:3    | Bought a potion of curing for 42 gold pieces
 57064 | Elf:3    | Bought a potion of curing for 42 gold pieces
 57358 | Elf:3    | Identified the +1 glaive "Siovu" {freeze, rF++ Int+4}
 57738 | Elf:3    | Identified the ring of Susaul {Wiz Will+ Int+3 Dex+2
                  | Stlth+}
 57750 | Abyss:2  | Cast into level 2 of the Abyss (a deep elf sorcerer)
 57969 | Abyss:2  | Found a corrupted altar of Lugonu.
 58002 | Abyss:2  | Reached XP level 24. HP: 176/195 MP: 34/34
 58191 | Abyss:2  | Reached skill level 5 in Stealth
 58229 | Abyss:2  | Found a corrupted altar of Lugonu.
 58243 | Elf:3    | Escaped the Abyss
 58329 | Elf:3    | Noticed Saint Roka
 58438 | Elf:3    | Killed Saint Roka
 58615 | Elf:3    | Identified the +1 orcbow "Cegihuoll" {elec, rElec Dex+3}
 58668 | Elf:3    | Identified the +0 robe of Buegh {Int+4 Dex+4}
 58682 | Elf:3    | Got the Anthology of Topological Illusion
 58687 | Elf:3    | Got the Vellum of Bewitchment
 58689 | Elf:3    | Identified the staff of Upheaval {rElec rCorr Stlth+ Conj
                  | Summ}
 59144 | Crypt:1  | Entered Level 1 of the Crypt
 59415 | Crypt:1  | Noticed Vv
 59904 | D:14     | Killed Roxanne
 60421 | Vaults:3 | Killed Wiath's ghost
 60647 | Vaults:5 | Entered Level 5 of the Vaults
 60847 | Vaults:5 | Noticed an ancient lich
 60934 | Vaults:5 | Reached skill level 18 in Fighting
 61187 | Vaults:5 | Found Faacsud's Assorted Antiques.
 61199 | Vaults:5 | Bought a scroll of teleportation for 99 gold pieces
 61199 | Vaults:5 | Bought a potion of heal wounds for 165 gold pieces
 61199 | Vaults:5 | Bought a potion of curing for 99 gold pieces
 61199 | Vaults:5 | Bought a potion of might for 132 gold pieces
 61199 | Vaults:5 | Bought a wand of paralysis (3) for 237 gold pieces
 61312 | Vaults:5 | Killed an ancient lich
 62061 | Vaults:5 | Found Coderch's Armour Shop.
 62061 | Vaults:5 | Noticed a dread lich
 62149 | Vaults:5 | Reached XP level 25. HP: 103/205 MP: 35/35
 62391 | Vaults:5 | Identified the +0 war axe of Disgust {venom, rPois rN+
                  | Int+2}
 62587 | Vaults:5 | Paralysed by a dread lich for 4 turns
 62600 | Vaults:5 | Upgraded the game from 0.32-a0-612-g1c984fe9d1 to
                  | 0.32-a0-614-gd166fa89d2
 62830 | Vaults:5 | Got a silver rune of Zot
 62866 | Vaults:5 | Killed a dread lich
 63338 | Zot:1    | Entered Level 1 of the Realm of Zot
 63551 | Zot:1    | Found a runed translucent gate.
 63551 | Zot:1    | Noticed Twiddyhohoho's ghost (veteran MiHu)
 63552 | Zot:1    | Found a runed translucent gate.
 63552 | Zot:1    | Found an opulent altar of Gozag.
 63553 | Zot:1    | Found a runed translucent gate.
 63615 | Zot:1    | Reached skill level 10 in Polearms
 64683 | Zot:2    | Identified the +0 leather armour "Qunkiak" {rF+ Will+ Str-2
                  | Dex+2}
 64862 | Zot:2    | Reached skill level 19 in Fighting
 65044 | Zot:2    | Reached skill level 10 in Spellcasting
 65062 | Zot:2    | Got the Disquisition on the Mutated Necropsy
 65597 | Zot:2    | Got the Book of the Melanotic Necropsy
 66366 | Zot:3    | Found Huniped's CLEARANCE SALE!.
 66377 | Zot:3    | Bought a potion of invisibility for 32 gold pieces
 66685 | Zot:3    | Reached XP level 26. HP: 153/217 MP: 37/37
 66920 | Zot:3    | Reached skill level 20 in Fighting
 67551 | Zot:4    | Noticed Emnejil's ghost (master VSBe)
 67557 | Zot:4    | Found a runed translucent door.
 67604 | Zot:4    | Noticed Parghit
 67740 | Zot:4    | Identified the +4 halberd "Kioxza" {freeze, rPois rF+
                  | Str+4}
 68336 | Zot:4    | Parghit changed into Parghit the juggernaut
 68336 | Zot:4    | Noticed Parghit
 68362 | Zot:4    | Killed Parghit the juggernaut
 68741 | D:11     | Bought a potion of enlightenment for 135 gold pieces
 68741 | D:11     | Bought a scroll of enchant armour for 202 gold pieces
 69413 | Zot:4    | Killed Emnejil's ghost
 69514 | Zot:5    | Entered Level 5 of the Realm of Zot
 69827 | Zot:5    | Reached skill level 21 in Fighting
 70108 | Zot:5    | Noticed an ancient lich
 70108 | Zot:5    | Noticed an orb of fire
 70112 | Zot:5    | Noticed a Killer Klown
 70115 | Zot:5    | Noticed an orb of fire
 70120 | Zot:5    | Noticed a Killer Klown
 70126 | Zot:5    | Gained mutation: You are clumsy. (Dex -2) [an orb of fire]
 70127 | Zot:5    | Noticed a Killer Klown
 70131 | Zot:5    | Killed an orb of fire
 70132 | Zot:5    | Noticed a Killer Klown
 70135 | Zot:5    | Gained mutation: You occasionally lose the ability to drink
                  | potions when taking damage. [an orb of fire]
 70136 | Zot:5    | Killed an orb of fire
 70137 | Zot:5    | Killed an ancient lich
 70139 | Zot:5    | Killed a Killer Klown
 70143 | Zot:5    | Killed a Killer Klown
 70144 | Zot:5    | Killed an ancient lich
 70150 | Zot:5    | Killed a Killer Klown
 70156 | Zot:5    | Noticed an orb of fire
 70262 | Zot:5    | Noticed a dread lich
 70274 | Zot:5    | Noticed a Killer Klown
 70298 | Zot:5    | Noticed a Killer Klown
 70309 | Zot:5    | Killed a Killer Klown
 70402 | Zot:5    | Got the Orb of Zot
 70457 | Zot:5    | Noticed a dread lich
 70525 | Zot:1    | Noticed Golouf the pandemonium lord
 70532 | Zot:1    | Reached skill level 22 in Fighting
 70557 | Depths:4 | Killed Golouf the pandemonium lord
 70956 | D:5      | Noticed Myure the pandemonium lord
 71088 | D:$      | Escaped with the Orb!

Illustrated notes

Levels and vault maps discovered:
D:1:      minmay_arrival_cross, layout_basic, chequers_serial_rivers_large_b
D:2:      minmay_roachtagon, layout_basic, minmay_quadrilaterals, uniq_terence,
          uniq_natasha, uniq_robin
D:3:      layout_loops_ring, minmay_misc_feat_doors, hex_large, uniq_grinder,
          uniq_crazy_yiuf_cottage
D:4:      layout_basic, fedhas_altar_4, grunt_decor_arrowhead
D:5:      layout_basic, mainiacjoe_overflow_tiny_flanked,
          mainiacjoe_overflow_catch_the_wave,
          mainiacjoe_sewer_entry_somewhere_in_here_2
D:6:      minmay_opposing_rooms, layout_gridville,
          nicolae_hepliaklqana_hippocampus,
          mainiacjoe_overflow_concentric_impassable, minmay_temple_entry_wispy,
          enter_ossuary_2
D:7:      layout_rooms
D:8:      layout_loops_ring, nicolae_yredelemnul_corpse_copse,
          mainiacjoe_overflow_alcove_1
D:9:      layout_irregular_city, david_lair_generic, serial_shops, shop,
          feat_on_display
D:10:     layout_roguey, mainiacjoe_overflow_paths, enter_bailey_8,
          serial_shops, nicolae_shop_rolling_square, uniq_harold
D:11:     layout_loops_ring, serial_shops, shop, hangedman_misty_isle,
          uniq_erolcha
D:12:     layout_long_grid, orc_david_3, serial_shops, shop,
          nicolae_wu_jian_wuxing_cycle
D:13:     layout_roguey, grunt_vaults_entry_tiered, enter_trove_5,
          nicolae_evil_shop, uniq_sonja
D:14:     minmay_spotlight, layout_small_grid, nicolae_ru_path_of_blood,
          uniq_kirke, uniq_roxanne
D:15:     grunt_enter_depths_giant_problem, layout_loops_ring
Temple:   nicolae_temple_ecumenical_triangle
Lair:1:   layout_small_grid, st_stairs_12, grunt_megastairs_4
Lair:2:   layout_misc_corridors, minmay_shoals_entry_lonely_mermaid
Lair:3:   layout_cave_pods, guppyfry_snake_entry_island,
          eino_small_chamber_without_monster, grunt_megastairs_5,
          lemuel_fruit_tree, uniq_gastronok
Lair:4:   layout_cave_pods, dpeg_slime_entry_enclosed,
          nicolae_quartered_pool_impasse
Lair:5:   hangedman_lair_in_review, layout_regular_city,
          hangedman_lair_caniforms_friends, serial_bayou, serial_bayou_lagoon_a,
          serial_bayou_pond_c, serial_bayou_crossing
Shoals:1: layout_shoals, nicolae_shoals_beach_cooler
Shoals:2: layout_shoals, uniq_ilsuiw
Shoals:3: cheibrodos_shoals_roost, layout_shoals
Shoals:4: shoals_end_simple, layout_shoals, serial_shops, shop
Snake:1:  layout_honeycomb, serial_library_hellmonk_small_corner,
          serial_bayou_shore_b, minmay_shop_grove
Snake:2:  layout_cave_shapes, serial_bayou_pond_e,
          serial_library_hellmonk_hallway_a
Snake:3:  layout_cave_shapes, drop_trap, st_stairs_6,
          nicolae_shop_i_like_big_books, nicolae_snake_the_dead_are_slithering
Snake:4:  grunt_snake_rune_serpentine_throne, layout_cave_town
Orc:1:    layout_diamond_mine, serial_shops, nicolae_square_shop,
          nicolae_shop_firing_range
Orc:2:    st_orc_ogre_mass, layout_diamond_mine
Elf:1:    nicolae_elf_arrival_aired_out, layout_gridlike, gammafunk_ghost_arena,
          nicolae_elf_shapeshifter_party, amcnicky_mini_pool_small
Elf:2:    elven_hall_of_blades_hangedman_alternative [nicolae_blade_bullseye],
          layout_geoelf_grid, serial_shops, nicolae_lakefront_shop, basic_altar
Elf:3:    minmay_elf_hall_dome, layout_geoelf_octagon, serial_shops, shop,
          uniq_saint_roka
Vaults:1: nicolae_vaults_tetromino_Z_2, nicolae_vaults_ring_of_whatevers,
          v_misc_1, nicolae_vaults_theta, v_misc_4, vaults_dpeg_diagonal,
          nicolae_vaults_little_squares_1, nicolae_vaults_asterisk,
          nicolae_vaults_house_1, vaults_room_corners,
          nicolae_vaults_more_shelving_1, nicolae_vaults_tetromino_T_1,
          layout_vaults_chaotic_city, uniq_asterion, uniq_norris, uniq_nikola
Vaults:2: nicolae_vaults_heart-shaped_vault, nicolae_vaults_storage_room_glass,
          v_misc_22, v_misc_18, vaults_dpeg_cross, vaults_dpeg_doors,
          vaults_room_hallway, nicolae_vaults_quartermaster,
          vaults_standard_mumra_lines, nicolae_vaults_wine_cellar,
          layout_vaults_big_cross, serial_shops, shop_coins
Vaults:3: gammafunk_ghost_smash, minmay_crypt_entry_necro_gods,
          hangedman_vaults_corner, nicolae_vaults_trapezoid_1,
          hangedman_vaults_stitches, nicolae_vaults_shrinking_rooms_1,
          nicolae_vaults_trapezoid_3, nicolae_vaults_house_2,
          hangedman_vaults_locks, v_misc_18,
          hangedman_vaults_stretched_pinwheel, nicolae_vaults_double_plus_2,
          vaults_room_semicircle, vaults_room_mumra_shop_pool,
          layout_vaults_maze, serial_shops, shop
Vaults:4: v_alt_pattern_3, nicolae_vaults_network_s, nicolae_vaults_what_the_h,
          nicolae_vaults_layer_cake_slice, ontoclasm_vaults_tryst,
          nicolae_vaults_house_2, nicolae_vaults_tetromino_L_2,
          nicolae_vaults_six-pack, nicolae_vaults_tetromino_L_1,
          vaults_mumra_minichess_inversion, layout_vaults_omnigrid
Vaults:5
Crypt:1:  layout_misc_corridors, grunt_crypt_arrival_webbed, uniq_grunn, uniq_vv
Depths:1: layout_honeycomb, grunt_hell_entry_demonic_statue, abyss_entry,
          grunt_pan_entry_spiral, minmay_hollow_rounded_squares,
          serial_bayou_shore_b
Depths:2: minmay_tearing_corner, layout_cave_pools, abyss_entry, serial_shops,
          nicolae_shop_tiny_glass, grunt_hell_entry_dis_grunt,
          nicolae_ashenzari_panopticon, grunt_pan_entry_zigzag, tgw_sif
Depths:3: four-leaf_vault, layout_gridlike, enter_ziggurat_d,
          abyss_entry_small_statue_room, minmay_misc_feat_chi, serial_shops,
          nicolae_shop_bloodbath_and_beyond, hell_entry,
          gammafunk_ghost_wrathful_warriors, infiniplex_staircase_pool_2
Depths:4: grunt_zot_entry_funnels, layout_gridlike,
          nicolae_hell_entry_big_baal_hell, minmay_room_of_horrors,
          hangedman_abyss_or_decor_clamps, minivault_16
Zot:1:    layout_basic, ebering_ghost_gozag, regret_index_zotdec_iron_s
Zot:2:    regret_index_all_hallows'_manor, layout_basic, grunt_megastairs_2
Zot:3:    layout_gridville, st_single_dragon_hoard_4, nicolae_shop_clearance
Zot:4:    layout_onion_interference, hellmonk_ghost_big_iron, uniq_parghit
Zot:5:    layout_gridlike

Skill      XL: |  1  2  3  4  5  6  7  8  9 10 11 12 13 14 15 16 17 18 19 20 21 22 23 24 25 26 |
---------------+-------------------------------------------------------------------------------+-----
Throwing       | 2 3 4 5 6 7 8 9 10 11 | 11.7
Dodging        | 3 4 5 6 7 8 9 10 11 12 13 14 15 16 | 16.0
Armour         | 1 2 3 4 5 6 8 9 10 11 12 13 14 16 17 18 | 18.1
Long Blades    | 4 5 6 8 9 10 11 12 13 14 15 16 | 16.0
Fighting       | 3 4 5 6 8 9 10 11 12 13 14 15 16 17 18 19 22 | 22.2
Evocations     | 3 4 6 8 9 10 11 12 13 14 15 16 | 16.0
Staves         | 2 4 6 7 8 9 10 11 12 13 | 13.7
Translocations | 3 5 8 10 11 12 | 12.0
Spellcasting   | 2 4 5 6 7 8 10 | 10.0
Stealth        | 3 4 8 9 |  9.0
Polearms       | 7 9 12 13 | 13.6

Action                     |  1- 3 |  4- 6 |  7- 9 | 10-12 | 13-15 | 16-18 | 19-21 | 22-24 | 25-27 || total
---------------------------+-------+-------+-------+-------+-------+-------+-------+-------+-------++-------
  Melee: Long sword        |    55 |   133 |   219 |   601 |   796 |       |       |       |       ||  1804
         Dagger            |    52 |    30 |       |       |       |       |       |       |       ||    82
         Short sword       |       |    95 |   217 |    90 |     3 |       |       |       |       ||   405
         Falchion          |       |       |       |   301 |       |       |    78 |    40 |       ||   419
         Staff             |       |       |       |   245 |   827 |   940 |  1160 |  1236 |   692 ||  5100
         Demon blade       |       |       |       |       |       |   932 |  1080 |    10 |       ||  2022
         Lance             |       |       |       |       |       |       |       |  1563 |   864 ||  2427
  Throw: Throwing net      |       |       |     2 |       |     1 |     1 |       |       |     5 ||     9
         Boomerang         |       |       |       |    39 |     8 |    93 |    10 |     3 |       ||   153
         Dart              |       |       |       |    14 |     2 |       |       |       |       ||    16
         Javelin           |       |       |       |       |       |       |       |       |     2 ||     2
   Cast: Manifold Assault  |       |       |       |       |       |       |    61 |   198 |    67 ||   326
         Blink             |       |       |       |       |       |       |     1 |     1 |       ||     2
         Apportation       |       |       |       |       |       |       |     1 |     1 |       ||     2
         Passage of Golubr |       |       |       |       |       |       |     1 |       |       ||     1
 Invoke: Call Merchant     |       |       |       |       |       |       |     2 |       |       ||     2
         Potion Petition   |       |       |       |       |       |       |     1 |       |       ||     1
         Bribe Branch      |       |       |       |       |       |       |       |       |     5 ||     5
Ability: Invent Gizmo      |       |       |       |       |     1 |       |       |       |       ||     1
  Evoke: Wand              |       |       |     3 |    12 |    27 |     2 |     5 |     5 |     2 ||    56
         Phantom mirror    |       |       |       |       |     3 |     2 |     2 |     1 |       ||     8
         Sack of spiders   |       |       |       |       |       |     2 |     3 |     3 |     3 ||    11
         Phial of floods   |       |       |       |       |       |       |     1 |     2 |     1 ||     4
    Use: Scroll            |       |     3 |     6 |    14 |     7 |    10 |     2 |    16 |    16 ||    74
         Potion            |       |       |       |     6 |       |       |     6 |     6 |     9 ||    27
   Stab: Sleeping          |       |     4 |     2 |     1 |     3 |     6 |     9 |    11 |     4 ||    40
         Held in net/web   |       |       |     2 |       |       |     4 |     5 |     1 |       ||    12
         Distracted        |       |       |     1 |     9 |    16 |     8 |    10 |    14 |    12 ||    70
         Paralysed         |       |       |     3 |     2 |     4 |     3 |       |     7 |       ||    19
         Confused          |       |       |       |       |       |       |     1 |       |       ||     1
         Invisible         |       |       |       |       |       |       |       |     5 |       ||     5
 Armour: Leather armour    |    37 |    65 |   126 |   155 |       |       |       |       |       ||   383
         Scale mail        |       |       |       |   153 |       |       |       |       |       ||   153
         Chain mail        |       |       |       |   163 |   373 |       |       |       |       ||   536
         Fire dragon scale |       |       |       |       |   104 |   743 |   599 |   583 |   382 ||  2411
         Acid dragon scale |       |       |       |       |       |       |    14 |       |       ||    14
         Ice dragon scales |       |       |       |       |       |       |    13 |    59 |       ||    72
         Gold dragon scale |       |       |       |       |       |       |       |       |   169 ||   169
  Dodge: Dodged            |    31 |    98 |   163 |   417 |   370 |   691 |   656 |   636 |   478 ||  3540
Riposte: Staff             |       |       |       |       |    15 |   111 |   106 |    84 |    48 ||   364
         Long sword        |       |       |       |       |    14 |       |       |       |       ||    14
         Short sword       |       |       |       |       |     1 |       |       |       |       ||     1
         Demon blade       |       |       |       |       |       |   104 |    99 |       |       ||   203
         Falchion          |       |       |       |       |       |       |     2 |     4 |       ||     6
         Lance             |       |       |       |       |       |       |       |    91 |    57 ||   148

Table legend: (Time is in decaauts)
 A = Elapsed time spent in this place.
 B = Non-inter-level travel time spent in this place.
 C = Inter-level travel time spent in this place.
 D = Time resting spent in this place.
 E = Time spent auto-exploring this place.
 F = Levels seen in this place.
 G = Mean time per level.
                   A        B        C        D        E       F      G
               +--------+--------+--------+--------+--------+-----+--------+
         Total |  69540 |  60965 |   8575 |   7820 |  27158 |  54 | 1287.8 |
       Dungeon |  19831 |  15982 |   3849 |   2042 |   8809 |  15 | 1322.1 |
        Temple |      1 |      1 |      0 |      0 |      0 |   1 |    1.0 |
          Lair |   8958 |   7851 |   1107 |   1080 |   3717 |   5 | 1791.6 |
        Shoals |   5208 |   4873 |    335 |    632 |   1630 |   4 | 1302.0 |
     Snake Pit |   5457 |   5048 |    409 |    659 |   1980 |   4 | 1364.2 |
  Orcish Mines |   1722 |   1543 |    179 |     13 |    498 |   2 |  861.0 |
   Elven Halls |   3840 |   3676 |    164 |    266 |   1971 |   3 | 1280.0 |
        Vaults |   8555 |   7444 |   1111 |   1214 |   2824 |   5 | 1711.0 |
         Crypt |    341 |    341 |      0 |      0 |    119 |   1 |  341.0 |
        Depths |   7519 |   6815 |    704 |    874 |   2954 |   4 | 1879.8 |
           Zot |   6196 |   5484 |    712 |    765 |   2308 |   5 | 1239.2 |
         Abyss |    453 |    453 |      0 |     41 |     49 |   1 |  453.0 |
         Trove |     50 |     50 |      0 |      0 |      0 |   1 |   50.0 |
         Sewer |    339 |    339 |      0 |      0 |     87 |   1 |  339.0 |
       Ossuary |    438 |    438 |      0 |     37 |    175 |   1 |  438.0 |
        Bailey |    624 |    624 |      0 |    194 |     36 |   1 |  624.0 |
               +--------+--------+--------+--------+--------+-----+--------+

Top non-repeatable levels by time:
  Lair:5: 2317 daAuts
  Lair:3: 2268 daAuts
     D:9: 2180 daAuts
Depths:4: 2108 daAuts
Vaults:5: 2030 daAuts
Depths:3: 1967 daAuts
Depths:1: 1950 daAuts
Vaults:3: 1822 daAuts
  Lair:4: 1815 daAuts
     D:8: 1813 daAuts
 Snake:4: 1759 daAuts
Vaults:1: 1735 daAuts
    D:13: 1693 daAuts
   Zot:3: 1670 daAuts
Shoals:4: 1609 daAuts
